 Dungeon Crawl Stone Soup version 0.29.1-15-g9cfb28693d (webtiles) character file.

Game seed: 5282478329960054372

16019 safid the Frost Mage (level 12, -6/81 HPs)
             Began as a Merfolk Ice Elementalist on Apr 5, 2023.
             Was a Priest of Vehumet.
             Mangled by a tentacled starspawn (24 damage)
             ... on level 1 of the Abyss.
             The game lasted 00:40:53 (12681 turns).

safid the Frost Mage (Merfolk Ice Elementalist)    Turns: 12681, Time: 00:40:53

Health: -6/81      AC: 10    Str:  4    XL:     12   Next: 33%
Magic:  27/27      EV: 13    Int: 17    God:    Vehumet [***...]
Gold:   504        SH:  0    Dex: 16    Spells: 22/33 levels left

rFire   . . .      SeeInvis .   D - +8 long sword of the Stars {venom, rN+}
rCold   + . .      Faith    .   (no shield)
rNeg    + + .      Spirit   .   a - +0 robe
rPois   +          Reflect  .   A - +0 helmet
rElec   .          Harm     .   o - +2 ratskin cloak {*Rats rPois rN+ Str-1 Int-1 Dex+1}
rCorr   +          Rampage  .   (no gloves)
Will    .....      Rage     9%  (no boots)
Stlth   ++........              t - amulet of regeneration
HPRegen 0.00/turn               G - +4 ring of protection
MPRegen 0.20/turn               r - ring of Grace {rC+ rCorr}

@: about to teleport, on berserk cooldown, inhibited regen, slowed, studying
Long Blades, unable to read, very slow
A: (nimble swimmer 2), mertail, [berserk 2], [frail 2], [inhibited
regeneration], [weak 2], [no potion heal 2], [subdued magic 2], [inability to
read after injury 2]
a: Renounce Religion


You were on level 1 of the Abyss.
You worshipped Vehumet.
Vehumet was most pleased with you.
You visited 3 branches of the dungeon, and saw 13 of its levels.
You visited the Abyss 1 time.
You also visited: Sewer and Ossuary.

You collected 745 gold pieces.
You spent 241 gold pieces at shops.

Inventory:

Hand Weapons
 D - the +8 long sword of the Stars (weapon) {venom, rN+}
   (You took it off an orc on level 10 of the Dungeon)

   It poisons the flesh of those it strikes.
   rN:        It protects you from negative energy.
Armour
 a - a +0 robe (worn)
 o - the +2 ratskin cloak (worn) {*Rats rPois rN+ Str-1 Int-1 Dex+1}
   (You found it on level 10 of the Dungeon)

   When the wearer is hurt, rats may emerge from it to assist them.
   Str:       It affects your strength (-1).
   Int:       It affects your intelligence (-1).
   Dex:       It affects your dexterity (+1).
   rPois:     It protects you from poison.
   rN:        It protects you from negative energy.
 A - a +0 helmet (worn)
Jewellery
 p - a ring of ice
 r - the ring of Grace (right hand) {rC+ rCorr}
   (You found it on level 3 of the Dungeon)

   [ring of protection from cold]

   rC:        It protects you from cold.
   rCorr:     It protects you from acid and corrosion.
 t - an amulet of regeneration (around neck)
 G - a +4 ring of protection (left hand)
 J - a ring of protection from fire
Wands
 k - a wand of iceblast (8)
 l - a wand of acid (12)
 s - a wand of polymorph (12)
 u - a wand of mindburst (55)
 C - a wand of charming (6)
 H - a wand of flame (19)
Scrolls
 g - 8 scrolls of butterflies
 h - 2 scrolls of summoning
 j - 4 scrolls of teleportation
 m - a scroll of poison
 q - 3 scrolls of blinking
 v - 2 scrolls of brand weapon
 w - 4 scrolls of enchant weapon
 y - a scroll of enchant armour
 E - 2 scrolls of silence
 F - a scroll of amnesia
 K - 2 scrolls of fear
Potions
 b - 3 potions of magic
 c - 4 potions of cancellation {unknown}
 d - 3 potions of lignification {unknown}
 e - 6 potions of mutation
 f - 7 potions of curing
 i - 2 potions of ambrosia {unknown}
 n - 5 potions of might
 x - 5 potions of attraction {unknown}
 z - 6 potions of haste
 B - 4 potions of flight {unknown}
 I - a potion of berserk rage {unknown}


   Skills:
 - Level 12.0 Fighting
 - Level 2.6 Dodging
 - Level 2.1 Stealth
 + Level 11.0 Spellcasting
 + Level 13.4 Ice Magic


You had 22 spell levels left.
You knew the following spells:

 Your Spells              Type           Power      Damage    Failure   Level
a - Freeze                Ice            100%       1d11      0%          1
b - Frozen Ramparts       Ice            68%        1d11      0%          3
c - Ozocubu's Armour      Ice            34%        N/A       1%          3
d - Hailstorm             Conj/Ice       20%        3d6       1%          4

Your spell library contained the following spells:

 Spells                   Type           Power      Damage    Failure   Level
 Iskenderun's Mystic Bla  Conj/Tloc      5%         2d3       16%         4
 Shock                    Conj/Air       20%        1d4       1%          1
 Conjure Flame            Conj/Fire      5%         6-21      4%          3
 Ignite Poison            Fire/Tmut/Pois 5%         N/A       4%          3
 Mephitic Cloud           Conj/Pois/Air  5%         N/A       4%          3
 Freezing Cloud           Conj/Ice/Air   7%         6-21      7%          5
 Swiftness                Air            5%         N/A       16%         3
 Airstrike                Air            2%         2d(1-17)  16%         4
 Sticky Flame             Conj/Fire      5%         2d3       16%         4
 Alistair's Intoxication  Tmut/Pois      3%         N/A       87%         5
 Borgnjor's Vile Clutch   Necr/Erth      2%         N/A       87%         5
 Eringya's Noxious Bog    Tmut/Pois      2%         N/A       91%         6


Dungeon Overview and Level Annotations

Branches:
Dungeon (10/15)            Temple (1/1) D:7            Lair (2/5) D:10
 Spider (0/4) Lair:2          Orc (0/2) D:9           Sewer (visited)
Ossuary (visited)
  Swamp: Lair:2-3    Shoals: Lair:2-3

Altars:
Ashenzari
Cheibriados
Dithmenos
Elyvilon
Fedhas
Gozag
Hepliaklqana
Kikubaaqudgha
Makhleb
Nemelex Xobeh
Okawaru
Qazlal
Ru
Sif Muna
Trog
Uskayaw
Vehumet
Wu Jian
Xom
Yredelemnul
Zin
The Shining One

Shops:
D:4 (:!!(   D:7 ?   D:8 *

Annotations:
Lair:2 Sonja


Innate Abilities, Weirdness & Mutations

((You are very nimble when in or above water. (Stealth+, EV+, Speed+++)))
Your lower body shifts to a powerful aquatic tail in water.
[You have an uncontrollable temper.]
[You are very frail. (-20% HP)]
[You do not regenerate when monsters are visible.]
[You are very weak. (Str -4)]
[Potions cannot restore your health.]
[Your spells are easier to cast, but less powerful.]
[You sometimes lose the ability to read scrolls when taking damage.]


Message History

The chaos spawn looks as sick as possible!
Your punch misses the chaos spawn.
The chaos spawn is moderately wounded.
The chaos spawn barely misses you.
A red film seems to cover your vision as you go berserk!
You feel yourself moving faster!
You feel mighty!
You slash the chaos spawn!
The chaos spawn looks as sick as possible!
The chaos spawn is severely wounded.
Your extra speed is starting to run out.
The chaos spawn barely misses you.
Unknown command.
Unknown command.
You slash the chaos spawn!
You kill the chaos spawn!
Vehumet accepts your kill.
You feel your power returning.
The chaos spawn degenerates into a cloud of primal chaos!
Unknown command.
You start resting.
You can read scrolls again.
You start resting.
You feel a strong urge to attack something.
You start resting.
You feel your anger nearly subside.
You are suddenly pulled into a different region of the Abyss!
Your icy armour cracks and falls away as you move.
A tentacled starspawn comes into view.
Unknown command.
Unknown command.
You are no longer berserk.
You are exhausted.
You feel yourself slow down.
As you read the scroll of teleportation, it crumbles to dust.
You feel strangely unstable.
You feel the power of the Abyss delaying your translocation!
You feel yourself slow down.
The tentacled starspawn attacks as you move away!
The tentacled starspawn bites you!!
You feel threatened and lose the ability to read scrolls!
You die...

## #
#..####
.#
#...##.#
#...#
#X##.#
#@..#
#.#.##
## .# ..
.## ##


You could see a tentacled starspawn.

Vanquished Creatures
  Gastronok (D:10)
  2 two-headed ogres
  An orb spider (Abyss:1)
  A deep elf zephyrmancer (D:9)
  Joseph (D:7)
  A black mamba (Lair:2)
  A cane toad (Lair:1)
  Maggie (D:6)
  2 unseen horrors
  3 komodo dragons (Lair:1)
  A polar bear (Lair:2)
  2 trolls
  2 blink frogs (Lair:1)
  2 jumping spiders (Lair:2)
  2 shadows
  3 yaks (D:10)
  A wyvern (Lair:2)
  A basilisk (Lair:1)
  A fire bat (Abyss:1)
  A chaos spawn (Abyss:1)
  3 steam dragons
  Menkaure (D:7)
  An acid dragon (D:5)
  9 water moccasins
  4 orc warriors
  Duvessa (D:5)
  A sky beast (D:8)
  An ice beast (D:8)
  2 ogres
  12 wolves
  5 centaurs
  A phantom (D:7)
  9 kobold brigands
  A bullfrog (D:6)
  5 gnoll sergeants
  2 scorpions
  7 wights
  12 killer bees (D:9)
  Dowan (D:5)
  A howler monkey (D:7)
  3 electric eels (D:10)
  3 jellies
  7 orc priests
  5 hounds
  2 human zombies (Ossuary)
  A gnoll bouda (D:6)
  2 iguanas
  7 orc wizards
  A hell rat (Sewer)
  4 mummies (Ossuary)
  13 gnolls
  4 adders (D:5)
  3 river rats
  A shadow imp (D:6)
  2 white imps (D:6)
  An ufetubus (D:5)
  An adder zombie (Ossuary)
  A dart slug (D:1)
  A worm (D:4)
  24 orcs
  10 bats
  11 endoplasms
  3 giant cockroaches
  A gnoll zombie (Ossuary)
  A goblin (D:5)
  5 hobgoblins
  5 jackals
  6 quokkas
  5 ball pythons
  3 frilled lizards
  2 goblin zombies (Ossuary)
  A hobgoblin zombie (Ossuary)
  11 kobolds
  2 kobold zombies (Ossuary)
  2 orc zombies (Ossuary)
  9 rats
  A rat zombie (Ossuary)
273 creatures vanquished.

Vanquished Creatures (collateral kills)
  A polar bear (Lair:1)
  A blink frog (Lair:1)
  A small abomination (Abyss:1)
3 creatures vanquished.

Vanquished Creatures (others)
  2 orc wizards
  2 fungi
  4 plants
8 creatures vanquished.

Grand Total: 284 creatures vanquished

Notes
Turn   | Place    | Note
-------+----------+-------------------------------------------
     0 | D:1      | safid the Merfolk Ice Elementalist began the quest for the
                  | Orb.
     0 | D:1      | Reached XP level 1. HP: 13/13 MP: 3/3
   294 | D:1      | Reached XP level 2. HP: 11/20 MP: 1/5
   299 | D:1      | Reached skill level 1 in Fighting
   746 | D:1      | You fall into a shaft and drop 1 floor!
   770 | D:2      | Found a faded altar of an unknown god.
   862 | D:1      | Reached XP level 3. HP: 24/26 MP: 6/6
  1498 | D:2      | Found a sacrificial altar of Ru.
  2129 | D:3      | Learned a level 3 spell: Frozen Ramparts
  2133 | D:3      | Learned a level 3 spell: Ozocubu's Armour
  2339 | D:3      | Reached skill level 5 in Ice Magic
  2495 | D:3      | Identified the ring of Grace {rC+ rCorr}
  2597 | D:3      | Found a blossoming altar of Fedhas.
  2614 | D:3      | Reached XP level 4. HP: 33/33 MP: 6/8
  2878 | D:4      | Found Zousey Nothi's Distillery.
  2884 | D:4      | Bought a potion of curing for 36 gold pieces
  2903 | D:4      | Found Duturr's Weapon Emporium.
  2940 | D:4      | Found Ecvovioff's Book Shoppe.
  3019 | D:4      | Found a glowing drain.
  3023 | Sewer    | Entered a sewer
  3153 | Sewer    | Reached XP level 5. HP: 19/38 MP: 6/9
  3298 | D:4      | Found Cugakloth's Distillery.
  3320 | D:4      | Bought a potion of heal wounds for 65 gold pieces
  3322 | D:4      | Found Zaarchil's Antique Weapon Boutique.
  3399 | D:4      | Found a hazy altar of Hepliaklqana.
  3658 | D:5      | Entered Level 5 of the Dungeon
  3786 | D:5      | Noticed Duvessa
  3786 | D:5      | Noticed Dowan
  3797 | D:5      | Killed Duvessa
  3798 | D:5      | Reached XP level 6. HP: 20/48 MP: 4/11
  3798 | D:5      | HP: 1/48 [Dowan/shard of ice (20)]
  3799 | D:5      | Killed Dowan
  3800 | D:5      | Reached skill level 6 in Ice Magic
  3969 | D:5      | Noticed a shadow
  4018 | D:5      | Killed a shadow
  4019 | D:5      | Reached XP level 7. HP: 21/55 MP: 1/13
  4147 | D:5      | Reached skill level 5 in Fighting
  4152 | D:5      | Killed an unseen horror
  4153 | D:5      | Reached skill level 5 in Spellcasting
  4153 | D:5      | Reached skill level 7 in Ice Magic
  4153 | D:5      | Reached XP level 8. HP: 37/64 MP: 6/15
  4430 | D:5      | Found a sacrificial altar of Ru.
  5146 | D:6      | Reached skill level 8 in Ice Magic
  5300 | D:6      | Noticed Maggie
  5326 | D:6      | Killed Maggie
  5327 | D:6      | Reached XP level 9. HP: 50/72 MP: 7/18
  5864 | D:7      | Noticed Joseph
  6026 | D:7      | Found a staircase to the Ecumenical Temple.
  6058 | Temple   | Entered the Ecumenical Temple
  6170 | Temple   | Became a worshipper of Vehumet
  6312 | D:7      | Found a shimmering blue altar of Sif Muna.
  6313 | D:7      | Found Pafulusm's Magic Scroll Shop.
  6322 | D:7      | Bought a scroll of identify for 28 gold pieces
  6322 | D:7      | Bought a scroll of identify for 28 gold pieces
  6322 | D:7      | Bought a scroll of identify for 28 gold pieces
  6322 | D:7      | Bought a scroll of fear for 56 gold pieces
  6388 | D:7      | Noticed Menkaure
  6397 | D:7      | Killed Menkaure
  6473 | D:7      | Reached skill level 9 in Ice Magic
  6538 | D:7      | Killed Joseph
  7062 | D:8      | Found a sand-covered staircase.
  7070 | Ossuary  | Entered an ossuary
  7493 | D:8      | Reached XP level 10. HP: 80/82 MP: 15/21
  7558 | D:8      | Found a hide-covered altar of Uskayaw.
  7582 | D:8      | Found the +4 moon troll leather armour {Spirit, Regen++
                  | MP+5}
  7695 | D:8      | Reached * piety under Vehumet
  7695 | D:8      | Offered knowledge of Magic Dart by Vehumet.
  7806 | D:8      | Found Zin's Purification Station.
  7812 | D:8      | Found a glowing silver altar of Zin.
  7872 | D:8      | Reached skill level 10 in Ice Magic
  7981 | D:9      | Noticed a deep elf zephyrmancer
  7994 | D:9      | Killed a deep elf zephyrmancer
  8041 | D:9      | Found a broken altar of Ashenzari.
  8262 | D:9      | Noticed a two-headed ogre
  8395 | D:9      | Noticed an ice dragon
  8743 | D:9      | Killed a two-headed ogre
  8808 | D:9      | Found a glowing golden altar of the Shining One.
  8842 | D:9      | Found a burning altar of Makhleb.
  8843 | D:9      | Found a snail-covered altar of Cheibriados.
  8844 | D:9      | Found a sparkling altar of Nemelex Xobeh.
  8844 | D:9      | Found a stormy altar of Qazlal.
  8964 | D:9      | Found a staircase to the Orcish Mines.
  8979 | D:9      | Reached skill level 10 in Fighting
  8979 | D:9      | Reached skill level 11 in Ice Magic
  9006 | D:9      | Reached XP level 11. HP: 51/92 MP: 17/24
  9008 | D:9      | Reached ** piety under Vehumet
  9008 | D:9      | Offered knowledge of Static Discharge by Vehumet.
  9260 | D:10     | Entered Level 10 of the Dungeon
 10081 | D:10     | Noticed Gastronok
 10098 | D:10     | Killed Gastronok
 10181 | D:10     | Found the +2 ratskin cloak {*Rats rPois rN+ Str-1 Int-1
                  | Dex+1}
 10340 | D:10     | Found a staircase to the Lair.
 10450 | D:10     | Noticed a two-headed ogre
 10463 | D:10     | Killed a two-headed ogre
 10464 | D:10     | Reached skill level 12 in Ice Magic
 10465 | D:10     | Identified the +8 long sword of the Stars {venom, rN+}
 10480 | D:10     | Offered knowledge of Inner Flame by Vehumet.
 11044 | Lair:1   | Entered Level 1 of the Lair of Beasts
 11134 | Lair:1   | Learned a level 4 spell: Hailstorm
 11166 | Lair:1   | Reached skill level 10 in Spellcasting
 11175 | Lair:1   | Reached *** piety under Vehumet
 12119 | Lair:2   | Found a hole to the Spider Nest.
 12139 | Lair:2   | Reached XP level 12. HP: 102/102 MP: 19/26
 12264 | Lair:2   | Offered knowledge of Iskenderun's Mystic Blast by Vehumet.
 12270 | Lair:2   | Reached skill level 13 in Ice Magic
 12364 | Lair:2   | Identified the +5 ring mail "Xihumail" {rElec rC+ Int-4}
 12420 | Lair:2   | Noticed Sonja
 12454 | Abyss:1  | Cast into level 1 of the Abyss (Sonja)
 12543 | Abyss:1  | Noticed a wretched star
 12647 | Abyss:1  | Noticed a tentacled starspawn
 12678 | Abyss:1  | Noticed a tentacled starspawn
 12681 | Abyss:1  | Mangled by a tentacled starspawn

Illustrated notes

Levels and vault maps discovered:
D:1:      sevenhm_arrival_forest_fort_large_2, layout_rooms
D:2:      layout_basic, serial_aquarium, aquarium_bridge_island_small
          [aquarium_subvault_small_open, aquarium_subvault_bridge,
          aquarium_subvault_bridge, aquarium_subvault_bridge,
          aquarium_subvault_balcony], aquarium_window_corner, aquarium_window_1,
          aquarium_window_fake, aquarium_window_1, aquarium_view_2f,
          aquarium_pool_double, hellmonk_ecumenical_altar_dog_temple,
          basic_altar, minmay_misc_feat_hallway, supply_closet_lemuel,
          hangedman_decor_peaks_small
D:3:      layout_basic, mainiacjoe_overflow_small_starburst
D:4:      layout_rooms, mainiacjoe_overflow_catwalk, serial_shops,
          nicolae_shop_crystal, shop, nicolae_shop_competitors_out_of_business,
          shop, nicolae_shop_hallway_stairs, gup_sewer_entry_spiral,
          minmay_misc_feat_square, kennysheep_donut
D:5:      layout_layer_cave, nicolae_ru_great_annihilating_truth,
          minmay_manual_monstrance, uniq_duvessa
D:6:      layout_basic, corner_web_ring, uniq_maggie
D:7:      layout_basic, overflow_temple_1_default,
          minmay_temple_entry_water_ring, serial_shops, shop_fountains,
          hangedman_decor_push, uniq_joseph, uniq_menkaure
D:8:      layout_cave_pools, zin_purify, mainiacjoe_overflow_tiny_flanked,
          nicolae_ossuary_entry_ruins, nicolae_straight_to_the_point
D:9:      dragon1_lemuel, layout_stronghold, mainiacjoe_overflow_paths,
          lemuel_crystal_altar, mainiacjoe_overflow_alcove_3,
          kennysheep_orc_monster_closet_entryway, guppyfry_early_elven_hall
D:10:     layout_stronghold, erik_lair_island, serial_bayou_pond_d,
          minmay_misc_feat_iff, minmay_misc_feat_enclosed, uniq_gastronok
Temple:   hellmonk_temple_beads
Lair:1:   layout_cellular_growth
Lair:2:   layout_cave_pods, spider_nest_entry_a, uniq_sonja, uniq_urug
Abyss:1:  base: D:1, lemuel_flamethrower_2, evilmike_abyss_exit_5,
          grunt_abyss_exit_deep_breaths, hangedman_shadowy_showcase

Skill      XL: |  1  2  3  4  5  6  7  8  9 10 11 12 |
---------------+-------------------------------------+-----
Fighting       | 1 2 3 4 5 7 8 10 11 12 | 12.0
Ice Magic      | 5 6 7 8 9 11 12 13 | 13.4
Spellcasting   | 3 4 5 6 7 9 10 11 | 11.0
Dodging        | |  2.6
Stealth        | |  2.1

Action                   |  1- 3 |  4- 6 |  7- 9 | 10-12 || total
-------------------------+-------+-------+-------+-------++-------
Melee: Whip              |    31 |       |       |       ||    31
       Punch             |     1 |       |     3 |       ||     4
       Unarmed           |     1 |       |       |       ||     1
       Dagger            |    28 |       |       |       ||    28
       Spear             |    44 |    99 |   256 |   170 ||   569
       Tailslap          |       |     4 |       |     1 ||     5
       Long sword        |       |       |       |    93 ||    93
 Cast: Freeze            |    29 |    30 |    23 |    31 ||   113
       Frozen Ramparts   |       |     4 |    32 |    59 ||    95
       Ozocubu's Armour  |       |     3 |    18 |    47 ||    68
       Hailstorm         |       |       |       |     2 ||     2
Evoke: Wand              |       |       |       |     1 ||     1
  Use: Potion            |       |     2 |     2 |     4 ||     8
       Scroll            |       |       |    16 |     6 ||    22
 Stab: Sleeping          |     7 |     5 |     2 |     2 ||    16
       Paralysed         |       |       |     1 |       ||     1
Armor: Robe              |    35 |    16 |   168 |   211 ||   430
Dodge: Dodged            |   101 |    56 |   227 |   289 ||   673
